 Dungeon Crawl Stone Soup version 0.31.0-4-g52a2dc7128 (webtiles) character file.

Game seed: 2101420325134734113

492 benadryl the Chopper (level 7, -3/44 HPs)
             Began as a Gargoyle Fighter on Jan 21, 2024.
             Was an Initiate of Qazlal.
             Slain by Pikel
             ... wielding a +1 whip of freezing
              (9 damage)
             ... on level 5 of the Dungeon.
             The game lasted 00:04:42 (3828 turns).

benadryl the Chopper (Gargoyle Fighter)             Turns: 3828, Time: 00:04:42

Health: -3/44      AC: 12    Str: 22    XL:     7   Next: 14%
Magic:  0/7        EV: 17    Int:  8    God:    Qazlal [......]
Gold:   112        SH:  0    Dex:  9    Spells: 6/6 levels left

rFire   + . .        a - melded +1 war axe
rCold   . . .        h - melded +0 tower shield
rNeg    + + +        b - melded +0 scale mail
rPois   ∞            (helmet currently unavailable)
rElec   .            k - melded +0 cloak
rCorr   .            (gloves currently unavailable)
SInv    .            (boots currently unavailable)
Will    .....        j - amulet of guardian spirit
Stlth   +            l - ring of protection from fire
HPRegen 0.27/turn    (no ring)
MPRegen 0.10/turn

%: guardian spirit
@: brilliant, fungus-form
A: melee confuse, terrified, no casting, sickness immunity, AC +4, tiny,
negative energy resistance 1, (electricity resistance), torment resistance 1,
petrification resistance
a: Renounce Religion


You were on level 5 of the Dungeon.
You worshipped Qazlal.
Qazlal was noncommittal.
You were a sentient fungus.
You visited 1 branch of the dungeon, and saw 5 of its levels.

You collected 161 gold pieces.
You spent 49 gold pieces at shops.

Inventory:

Hand Weapons
 a - a +1 war axe (melded)
Armour
 b - a +0 scale mail (melded)
 c - a +0 buckler
 h - a +0 tower shield (melded)
 k - a +0 cloak (melded)
Jewellery
 j - an amulet of guardian spirit (around neck)
 l - a ring of protection from fire (left hypha)
Wands
 d - a wand of polymorph (4)
 q - a wand of flame (25)
Scrolls
 m - 3 scrolls of butterflies
 o - a scroll of identify {@r1}
 p - a scroll of vulnerability {unknown}


   Skills:
 - Level 5.0 Fighting
 + Level 6.0 Axes
 - Level 3.2 Armour
 * Level 3.6 Shields


You had 6 spell levels left.
You didn't know any spells.
Your spell library contained the following spells:

 Spells                   Type           Power      Damage    Failure   Level
 Fugue of the Fallen      Necr           0%         N/A       78%         3
 Ozocubu's Armour         Ice            0%         N/A       78%         3
 Leda's Liquefaction      Alch/Erth      0%         N/A       99%         4
 Manifold Assault         Tloc           0%         N/A       99%         4
 Alistair's Intoxication  Alch           0%         N/A       100%        5
 Borgnjor's Vile Clutch   Necr/Erth      0%         N/A       100%        5
 Lee's Rapid Deconstruct  Erth           0%         3d4*      100%        5
 Bombard                  Conj/Erth      0%         9d1       100%        6
 Eringya's Noxious Bog    Alch           0%         4d6       100%        6


Dungeon Overview and Level Annotations

Branches:
Dungeon (5/15)
 Temple: D:4-7

Altars:
Cheibriados
Elyvilon
Qazlal
Uskayaw
Wu Jian

Shops:
D:1 **![:   D:2 [   D:4 (?:(

Annotations:
D:5 Pikel


Innate Abilities, Weirdness & Mutations

You are a sentient fungus.
You are tiny and evasive.
Your melee attack releases spores that confuse breathing creatures.
You become terrified and freeze when enemies are visible.
Your armour is entirely melded.
You are incapable of wielding weapons or throwing items.
You cannot cast spells.
You are immune to sickness and miasma.
((Your stone body is resilient. (AC +4)))
You are immune to poison.
You resist negative energy. (rN+)
((You are resistant to electric shocks. (rElec)))
You are resistant to unholy torment.
You are immune to petrification.


Message History

You hit the orc but do no damage. You hit the orc wizard. You hit the lemure.
The lemure hits you but does no damage.
The orc wizard points at you and mumbles some strange words.
You resist with some effort.
Pikel zaps a wand.
You resist with some effort. The orc hits you with a +0 flail.
You hit Pikel but do no damage.
Pikel is lightly wounded.
You barely miss the orc wizard. You hit the lemure.
You completely miss the orc. The lemure hits you but does no damage.
You block the orc wizard's attack. The orc hits you with a +0 flail.
Pikel zaps a wand.
You turn into a sentient fungus.
Your +0 war axe melds into your body.
Your +0 cloak melds into your body.
Your +0 tower shield melds into your body.
Your +0 scale mail melds into your body.
The lemure completely misses you. The orc closely misses you.
The orc wizard closely misses you. Pikel hits you but does no damage.
You aren't carrying any potions.
Unknown command.
As you read the scroll labelled NOC TOMUISUPUZ, it crumbles to dust.
It is a scroll of enchant weapon.
Your +0 war axe glows red for a moment.
The lemure misses you.
The orc wizard hits you with a +0 dagger.
Pikel closely misses you. The orc hits you with a +0 flail.
* * * LOW HITPOINT WARNING * * *
You aren't carrying any potions.
You closely miss Pikel.
Pikel is lightly wounded.
The lemure hits you.
* * * LOW HITPOINT WARNING * * *
The orc wizard misses you. Pikel barely misses you. The orc misses you.
As you read the scroll labelled YNKUAS TOZIYTU, it dissolves into smoke.
It was a scroll of fog.
Pikel barely misses you. The lemure closely misses you.
The orc wizard misses you. The orc misses you.
As you read the scroll labelled MOBIPE ATUX, it crumbles to dust.
The creatures around you are filled with an inner flame!
It was a scroll of immolation.
The lemure misses you.
The orc wizard hits you but does no damage.
Pikel hits you with a +1 whip of freezing!
You die...
Pikel says, "See you in Hell!"

..# ..... #..
.... . ##.[ ...
..#...# ..## #.
.......#..?#...
.......§§......
......§oK§..#
......5fo§..#
=.....§§§§.....
..#...#§§§...?.
...........##..
..... ....... .
##............
.... ##....#.#.
.... ##.#####


You could see Pikel (inner flame), a lemure (inner flame), an orc wizard (inner
flame) and an orc (inner flame).

Vanquished Creatures
  Duvessa (D:4)
  An ogre (D:4)
  3 lemures (D:4)
  A scorpion (D:3)
  Dowan (D:4)
  A hound (D:3)
  A bombardier beetle (D:4)
  2 adders
  2 ribbon worms (D:3)
  5 dart slugs
  7 orcs (D:4)
  8 ball pythons
  3 bats
  7 endoplasms
  4 giant cockroaches
  12 goblins
  4 hobgoblins
  6 jackals (D:3)
  3 quokkas
  3 frilled lizards
  11 kobolds
  5 rats
91 creatures vanquished.

Notes
Turn   | Place    | Note
-------+----------+-------------------------------------------
     0 | D:1      | benadryl the Gargoyle Fighter began the quest for the Orb.
     0 | D:1      | Reached XP level 1. HP: 14/14 MP: 1/1
    29 | D:1      | Found Wotumeiq's Distillery.
    84 | D:1      | Found Muafe's Assorted Antiques.
    89 | D:1      | Reached skill level 2 in Axes
   160 | D:1      | Reached XP level 2. HP: 19/20 MP: 2/2
   326 | D:1      | Found Iwulusaqu's Armour Boutique.
   371 | D:1      | Found Bumuis's Book Emporium.
   694 | D:1      | Reached XP level 3. HP: 23/24 MP: 3/3
   859 | D:1      | Found Voohuhah's Assorted Antiques.
  1264 | D:2      | Found Vocaaled's Armour Emporium.
  1270 | D:2      | Bought a +0 tower shield for 49 gold pieces
  1692 | D:2      | Reached XP level 4. HP: 30/30 MP: 4/4
  2025 | D:3      | Reached skill level 5 in Fighting
  2025 | D:3      | Reached skill level 3 in Axes
  2139 | D:3      | Found an ornate altar of the Wu Jian Council.
  2143 | D:3      | Reached XP level 5. HP: 35/35 MP: 5/5
  2353 | D:3      | Reached skill level 4 in Axes
  2487 | D:4      | Noticed Duvessa
  2487 | D:4      | Noticed Dowan
  2501 | D:4      | Killed Duvessa
  2502 | D:4      | Reached skill level 5 in Axes
  2502 | D:4      | Reached XP level 6. HP: 30/40 MP: 3/6
  2518 | D:4      | Killed Dowan
  2720 | D:4      | Found a snail-covered altar of Cheibriados.
  2757 | D:4      | Found Kuttihum's Antique Weapon Boutique.
  2760 | D:4      | Found Yjony's Book Boutique.
  2761 | D:4      | Found Hoegh's Weapon Boutique.
  2762 | D:4      | Found Ulicah's Magic Scroll Boutique.
  3019 | D:4      | Found a hide-covered altar of Uskayaw.
  3019 | D:4      | Found a white marble altar of Elyvilon.
  3156 | D:4      | Reached XP level 7. HP: 44/44 MP: 7/7
  3524 | D:4      | Found a stormy altar of Qazlal.
  3561 | D:4      | Became a worshipper of Qazlal Stormbringer
  3645 | D:5      | Entered Level 5 of the Dungeon
  3645 | D:5      | Noticed Pikel
  3658 | D:4      | Reached skill level 6 in Axes
  3828 | D:5      | Slain by Pikel

Illustrated notes

Levels and vault maps discovered:
D:1:      dpeg_arrival_pits, layout_loops_corners, serial_shops, shop, shop,
          nicolae_shop_behind_doors, nicolae_shop_advertising_works
          [nicolae_subvault_shop_adworks], shop
D:2:      layout_basic, serial_shops, nicolae_shop_rolling_square
D:3:      layout_basic, mainiacjoe_overflow_surrounded_room, minmay_diced_spiral
D:4:      layout_basic, chei_slow_surprise, lemuel_round_altar,
          gammafunk_temple_overflow_pools, kennysheep_doodads, st_stairs_14,
          minmay_shop_grid_forest, uniq_duvessa
D:5:      layout_cave_pools, nicolae_stop_n_shop_1, st_stairs_2,
          uniq_crazy_yiuf_cottage, uniq_pikel

Skill      XL: |  1  2  3  4  5  6  7 |
---------------+----------------------+-----
Axes           | 2 3 5 6 |  6.0
Fighting       | 4 5 |  5.0
Armour         | |  3.2
Shields        | |  3.6

Action                     |  1- 3 |  4- 6 |  7- 9 || total
---------------------------+-------+-------+-------++-------
  Melee: War axe           |   114 |   131 |    44 ||   289
         Unarmed           |       |    11 |     1 ||    12
    Use: Scroll            |       |     5 |     3 ||     8
         Potion            |       |     1 |     2 ||     3
 Armour: Scale mail        |    65 |    84 |    53 ||   202
         Skin              |       |     7 |     6 ||    13
  Dodge: Dodged            |    43 |    46 |    33 ||   122
  Block: Buckler           |    20 |       |       ||    20
         Tower shield      |    28 |    90 |    39 ||   157
